 Dungeon Crawl Stone Soup version 0.20.1-1-g8b1a95d (webtiles) character file.

18396 Ladykiller69 the Grappler (level 12, -8/111 HPs)
             Began as a Troll Hunter on Aug 9, 2017.
             Was an Elder of Cheibriados.
             Mangled by a minotaur
             ... wielding a +0 demon trident of venom
              (14 damage)
             ... in a labyrinth.
             The game lasted 00:25:48 (9503 turns).

Ladykiller69 the Grappler (Troll Hunter)            Turns: 9503, Time: 00:25:48

Health: -8/111     AC:  7    Str: 34    XL:     12   Next: 27%
Magic:  0/17       EV: 14    Int: 17    God:    Cheibriados [****..]
Gold:   561        SH:  0    Dex: 23    Spells: 11/11 levels left

rFire    . . .     SeeInvis .     - Unarmed
rCold    . . .     Gourm    +   (no shield)
rNeg     . . .     Faith    .   u - +0 troll leather armour {Purgy}
rPois    +         Spirit   +   (helmet restricted)
rElec    .         Reflect  .   (no cloak)
rCorr    .         Harm     .   (gloves unavailable)
MR       .....                  (boots unavailable)
Stlth    ++........             J - amulet of guardian spirit
Regen    1.1/turn               A - ring of poison resistance
MPRegen  0.2/turn               (no ring)

@: very slow
A: unfitting armour, claws 3, fast metabolism 3, gourmand, regeneration 1,
shaggy fur 1, tough skin 2
a: Bend Time, Temporal Distortion, Slouch, Renounce Religion


You were in a labyrinth.
You worshipped Cheibriados.
Cheibriados was greatly pleased with you.
You were not hungry.

You visited 2 branches of the dungeon, and saw 12 of its levels.
You also visited: Labyrinth.

You collected 609 gold pieces.
You spent 48 gold pieces at shops.

Inventory:

Hand Weapons
 a - a +0 short sword
Missiles
 c - 3 large rocks (quivered)
 m - 268 stones
 n - 28 poisoned needles
 v - 6 curare-tipped needles
 F - 3 tomahawks
Armour
 u - a +0 troll leather armour (worn) {Purgy}
Jewellery
 h - a +3 ring of slaying {unknown}
 s - an uncursed amulet of harm
 A - a ring of poison resistance (left claw)
 J - an amulet of guardian spirit (around neck)
 R - an uncursed ring of magical power {unknown}
Wands
 H - a wand of confusion (9/48)
 I - a wand of lightning (5/15)
 N - a wand of polymorph (15/24)
 Q - a wand of lightning (7/15)
 T - a wand of lightning (4/15)
Scrolls
 i - a scroll of enchant armour
 p - 2 scrolls of fog
 q - a scroll of blinking {unknown}
 t - 2 scrolls of enchant weapon
 y - a scroll of magic mapping
 B - 2 scrolls of noise
 C - a scroll of immolation {unknown}
 E - a scroll of fear {unknown}
 G - 3 scrolls of remove curse {unknown}
 L - a scroll of amnesia {unknown}
 O - 2 scrolls of recharging {unknown}
 S - a scroll of identify
Potions
 b - 2 potions of agility {unknown}
 e - 5 potions of curing
 k - 2 potions of heal wounds
 l - a potion of degeneration {unknown}
 o - a potion of resistance
 r - a potion of brilliance {unknown}
 x - 2 potions of berserk rage {unknown}
 z - 3 potions of mutation
 D - 4 potions of haste
 M - a potion of ambrosia {unknown}
 P - a potion of flight {unknown}
Books
 K - a book of Geomancy

   Spells                             Type                      Level
   a - Sandblast                      Earth                        1
   b - Passwall                       Transmutation/Earth          2
   c - Stone Arrow                    Conjuration/Earth            3
   d - Petrify                        Transmutation/Earth          4
   e - Lee's Rapid Deconstruction     Earth                        5
Comestibles
 f - 7 bread rations
 g - 15 fruits
 j - 4 meat rations
 w - a royal jelly


   Skills:
 + Level 5.3 Fighting
 + Level 6.7 Throwing
 + Level 4.2 Armour
 + Level 5.3 Dodging
 - Level 0.3 Stealth
 + Level 14.2 Unarmed Combat
 * Level 9.3 Invocations


You had 11 spell levels left.
You didn't know any spells.

Dungeon Overview and Level Annotations

Branches:
Dungeon (11/15)            Temple (1/1) D:7            Lair (0/6) D:9
    Orc (0/2) D:10

Altars:
Ashenzari
Cheibriados
Dithmenos
Elyvilon
Fedhas
Gozag
Hepliaklqana
Kikubaaqudgha
Makhleb
Nemelex Xobeh
Okawaru
Qazlal
Ru
Sif Muna
Trog
Uskayaw
Vehumet
Xom
Yredelemnul
The Shining One
Lugonu

Shops:
D:4 *=

Annotations:
D:9 exclusion: statue


Innate Abilities, Weirdness & Mutations

You are too large for most types of armour.
You have claws for hands.
Your metabolism is lightning-fast.
You like to eat raw meat.
Your natural rate of healing is unusually fast.
You are covered in fur. (AC +1)
You have very tough skin. (AC +2)


Message History

The minotaur hits you with a demon trident of venom!
* * * LOW HITPOINT WARNING * * *
The minotaur gores you.
* * * LOW HITPOINT WARNING * * *
You scratch the minotaur.
The minotaur is severely wounded.
The minotaur barely misses you. The minotaur closely misses you.
Quiver which item? (- for none, * to show all) (? for menu, Esc to quit)
Quivering
d - a throwing net for throwing.
Throwing (i - inventory. (,) - cycle):
d - a throwing net (quivered)
Press: ? - help, Shift-Dir - straight line, f/p - minotaur
Aim: a minotaur, wielding a demon trident of venom, wearing a glowing chain mail and wearing a bone ring (severely wounded)
You throw a throwing net.
The throwing net barely misses the minotaur.
You scratch the minotaur.
The minotaur is severely wounded.
The minotaur hits you with a demon trident of venom!!
* * * LOW HITPOINT WARNING * * *
The minotaur gores you!
You die...

. . # # #### #
..#. . #.#
.### # # #.#.
# ..# #.#.#..
# ... ...
...### ##
#..#### #
###...#. .
#..#.... . .
## #
..#.########
#...
#.#.#.@....#
### ..#
#H####.#. ...#
# #.#. .# #
#.#
#..#.######.#.
.# ##
..#........# #
#
..##########.
...# .## ... .
.... #. . . #
. #... .#...#
# ## #. . #.#
# ###.#


You could see a minotaur.

Vanquished Creatures
  3 skeletal warriors (D:11)
  An unseen horror (D:10)
  3 kobold demonologists (D:11)
  A troll (D:10)
  Grinder (D:3)
  A hippogriff (D:10)
  A spriggan (D:7)
  A shadow (Lab)
  A wyvern (D:11)
  Sigmund (D:3)
  9 yaks (D:10)
  A basilisk (D:9)
  A hungry ghost (D:7)
  Grum (D:10)
  Menkaure (D:5)
  An acid dragon (D:9)
  3 porcupines
  2 sky beasts
  5 orc warriors
  Purgy (D:3)
  3 phantoms
  5 black bears
  5 ice beasts
  10 ogres
  4 wolves
  6 centaurs
  4 crocodiles
  8 bullfrogs
  3 scorpions
  8 killer bees
  7 wights
  2 vampire bats (D:4)
  3 bullfrog zombies
  2 crimson imps
  A centaur zombie (D:10)
  A jelly (D:8)
  A bullfrog skeleton (D:5)
  6 orc priests
  3 hounds
  Jessica (D:3)
  3 iguanas
  12 orc wizards
  14 worker ants
  A hound skeleton (D:6)
  2 worker ant zombies
  10 adders
  An adder zombie (D:7)
  2 worms
  3 dart slugs
  4 leopard geckos
  50 orcs
  5 bat zombies (D:4)
  2 giant cockroaches
  17 goblins
  4 hobgoblins
  4 jackals
  3 quokkas
  6 ball pythons
  8 bats
  5 frilled lizards
  A jackal zombie (D:6)
  11 kobolds
  2 quokka zombies
  8 rats
300 creatures vanquished.

Notes
Turn   | Place    | Note
-------+----------+-------------------------------------------
     0 | D:1      | Ladykiller69 the Troll Hunter began the quest for the Orb.
     0 | D:1      | Reached XP level 1. HP: 19/19 MP: 0/0
    78 | D:1      | Reached XP level 2. HP: 28/28 MP: 1/1
   123 | D:1      | Reached skill level 1 in Unarmed Combat
   573 | D:1      | Reached XP level 3. HP: 34/35 MP: 2/2
   764 | D:2      | Reached skill level 2 in Unarmed Combat
   820 | D:2      | Found a shimmering altar of Xom.
   844 | D:2      | Found a deep blue altar of Sif Muna.
  1298 | D:3      | Reached XP level 4. HP: 42/42 MP: 3/3
  1299 | D:3      | Noticed Grinder
  1318 | D:3      | Killed Grinder
  1318 | D:3      | Reached skill level 3 in Unarmed Combat
  1318 | D:3      | Reached XP level 5. HP: 30/50 MP: 4/4
  1372 | D:3      | Noticed Jessica
  1382 | D:3      | Killed Jessica
  1382 | D:3      | Reached XP level 6. HP: 56/59 MP: 5/5
  1422 | D:3      | Found a shattered altar of Ashenzari.
  1720 | D:3      | Noticed Purgy
  1729 | D:3      | Killed Purgy
  1729 | D:3      | Reached skill level 4 in Unarmed Combat
  1757 | D:3      | Noticed Sigmund
  1780 | D:3      | Killed Sigmund
  1780 | D:3      | Reached XP level 7. HP: 67/67 MP: 6/6
  2366 | D:4      | Reached skill level 5 in Unarmed Combat
  2498 | D:4      | Reached skill level 5 in Throwing
  2674 | D:4      | Found Diuric's Jewellery Shoppe.
  2693 | D:4      | Found Memout's General Store.
  2709 | D:4      | Bought a scroll of identify for 24 gold pieces
  2709 | D:4      | Bought a scroll of identify for 24 gold pieces
  3011 | D:4      | Reached XP level 8. HP: 75/75 MP: 7/7
  3028 | D:4      | Found an ancient bone altar of Kikubaaqudgha.
  3033 | D:4      | Reached skill level 1 in Armour
  3105 | D:5      | Entered Level 5 of the Dungeon
  3132 | D:5      | Reached skill level 6 in Unarmed Combat
  3409 | D:5      | Reached skill level 13 in Unarmed Combat
  3409 | D:5      | Reached XP level 9. HP: 84/84 MP: 8/8
  3435 | D:5      | Noticed Menkaure
  3441 | D:5      | Killed Menkaure
  3594 | D:5      | Found a sparkling altar of Nemelex Xobeh.
  4029 | D:5      | Found a burning altar of Makhleb.
  4687 | D:6      | Found a white marble altar of Elyvilon.
  5052 | D:7      | Found a hazy altar of Hepliaklqana.
  5101 | D:7      | Found a glowing golden altar of the Shining One.
  5149 | D:7      | Reached XP level 10. HP: 76/93 MP: 9/9
  5159 | D:7      | Found a staircase to the Ecumenical Temple.
  5405 | Temple   | Entered the Ecumenical Temple
  5464 | Temple   | Became a worshipper of Cheibriados the Contemplative
  5477 | D:7      | Reached XP level 11. HP: 100/100 MP: 9/15
  6159 | D:8      | Noticed a dagger
  6160 | D:8      | Noticed a hand axe
  6182 | D:8      | Found a hide-covered altar of Uskayaw.
  6228 | D:8      | Reached * piety under Cheibriados
  6869 | D:9      | Reached ** piety under Cheibriados
  6889 | D:9      | Found a staircase to the Lair.
  7461 | D:9      | Found a radiant altar of Vehumet.
  7514 | D:9      | Reached *** piety under Cheibriados
  7586 | D:10     | Entered Level 10 of the Dungeon
  7677 | D:10     | Noticed Grum
  7683 | D:10     | Killed Grum
  7995 | D:10     | Killed an unseen horror
  7995 | D:10     | Reached skill level 5 in Dodging
  8127 | D:10     | Reached **** piety under Cheibriados
  8128 | D:10     | Found a staircase to the Orcish Mines.
  8218 | D:10     | Reached skill level 14 in Unarmed Combat
  8877 | D:10     | Reached skill level 5 in Fighting
  8893 | D:10     | HP: 4/102 [centaur (3)]
  9074 | D:10     | Reached XP level 12. HP: 100/111 MP: 14/17
  9150 | D:11     | Reached ***** piety under Cheibriados
  9159 | D:11     | Found a burning altar of Makhleb.
  9219 | D:11     | Found a corrupted altar of Lugonu.
  9312 | D:11     | Found a labyrinth entrance.
  9315 | Lab      | Entered a labyrinth
  9495 | Lab      | Noticed a minotaur
  9503 | Lab      | Mangled by a minotaur

Skill      XL: |  1  2  3  4  5  6  7  8  9 10 11 12 |
---------------+-------------------------------------+-----
Unarmed Combat | 1 2 3 4 5 13 14 | 14.2
Dodging        | 2 3 4 5 |  5.3
Fighting       | 2 3 4 5 |  5.3
Throwing       | 4 5 6 |  6.7
Armour         | 1 2 3 4 |  4.2
Invocations    | 7 8 9 |  9.3
Stealth        | |  0.3

Action                   |  1- 3 |  4- 6 |  7- 9 | 10-12 || total
-------------------------+-------+-------+-------+-------++-------
Melee: Unarmed           |   134 |    30 |   288 |   390 ||   842
       Short sword       |     6 |       |       |       ||     6
       Punch             |       |       |     7 |    28 ||    35
Throw: Large rock        |       |     5 |     4 |     5 ||    14
       Stone             |       |     9 |    42 |   151 ||   202
       Throwing net      |       |     1 |     2 |     1 ||     4
Invok: Bend Time         |       |       |       |     1 ||     1
       Temporal Distorti |       |       |       |     2 ||     2
  Use: Scroll            |       |       |    13 |     3 ||    16
       Potion            |       |       |     1 |     2 ||     3
 Stab: Sleeping          |     1 |     2 |       |     1 ||     4
  Eat: Chunk             |    16 |     6 |    27 |    35 ||    84
Armor: Robe              |    50 |     4 |       |       ||    54
       Troll leather arm |       |     1 |    94 |   106 ||   201
Dodge: Dodged            |    80 |    14 |   143 |   201 ||   438
